 Dungeon Crawl Stone Soup version 0.18.1-8-gdd0e5ea (webtiles) character file.

25426 sveltemanboy the Spear-Bearer (level 13, 0/95 HPs)
             Began as a Hill Orc Fighter on May 25, 2016.
             Was the Champion of Beogh.
             Killed by vampiric draining
             ... invoked by a vampire
              (17 damage)
             ... on level 14 of the Dungeon on May 26, 2016.
             The game lasted 00:47:48 (13155 turns).

sveltemanboy the Spear-Bearer (Hill Orc Fighter)   Turns: 13155, Time: 00:47:49

Health: 0/95       AC: 30    Str: 30    XL:     13   Next: 19%
Magic:  18/18      EV: 16    Int:  7    God:    Beogh [******]
Gold:   336        SH: 19    Dex: 17    Spells: 0 memorised, 12 levels left

rFire  + . .     SeeInvis .     a - +0 trident
rCold  . . .     Gourm    .     L - +2 plate armour {rF+}
rNeg   . . .     Faith    .     c - +1 shield
rPois  .         Spirit   .     r - +0 helmet
rElec  .         Dismiss  .     R - +0 cloak
rCorr  .         Reflect  .     F - +2 pair of gloves
SustAt .         Harm     .     C - +0 pair of boots
MR     +....     Clarity  +     t - amulet of regeneration
Stlth  ..........               E - +2 ring of dexterity
                                w - ring of protection from magic

@: mighty, agile, somewhat resistant to hostile enchantments, extremely
unstealthy
A: walk on water, hooves 1, large bone plates 1, blink, clarity, regeneration 1,
shaggy fur 1, MP-powered wands
a: Blink, Smiting, Recall Orcish Followers, Give Item to Named Follower,
Resurrection, Renounce Religion


You were on level 14 of the Dungeon.
You worshipped Beogh.
Beogh was exalted by your worship.
You were very hungry.

You visited 1 branch of the dungeon, and saw 14 of its levels.

You collected 963 gold pieces.
You spent 314 gold pieces at shops.

Inventory:

Hand Weapons
 a - a +0 trident (weapon)
 b - a +2 hunting sling of flaming
 Q - a +2 battleaxe
 S - a cursed -3 bardiche
 T - the +1 spear "Toiwoeg" {pierce, rC+ Stlth+}
   (You found it on level 14 of the Dungeon)

   It inflicts extra damage upon your enemies.
   It protects you from cold.
   It makes you more stealthy.
Missiles
 l - 359 stones (quivered)
 s - 108 sling bullets
Armour
 c - a +1 shield (worn)
 r - a +0 helmet (worn)
 C - a +0 pair of boots (worn)
 F - a +2 pair of gloves (worn)
 L - a +2 plate armour of fire resistance (worn)
 R - a +0 cloak (worn)
Jewellery
 t - an amulet of regeneration (around neck)
 w - a ring of protection from magic (left hand)
 y - an uncursed ring of protection from cold
 B - an uncursed ring of fire
 E - a +2 ring of dexterity (right hand)
 J - an uncursed amulet of magic regeneration {unknown}
Wands
 h - a wand of slowing (16/48)
 k - a wand of slowing (16/48)
 m - a wand of digging (9/24)
 P - a wand of acid (10/15)
Scrolls
 d - 2 scrolls of magic mapping
 e - 8 scrolls of remove curse
 g - 3 scrolls of fog
 j - a scroll of enchant weapon
 n - 2 scrolls of fear
 o - a scroll of identify
 v - 7 scrolls of teleportation
 z - a scroll of enchant armour
Potions
 x - 2 potions of flight
 A - a potion of cancellation
 D - a potion of invisibility {unknown}
 H - 2 potions of brilliance
 K - a potion of magic {unknown}
Miscellaneous
 G - a legendary deck of changes {drawn: 4}
Comestibles
 f - 7 bread rations
 p - 8 slices of pizza
 u - 5 beef jerkies
 M - 3 meat rations
 O - 6 chunks of flesh


   Skills:
 - Level 3.6 Fighting
 - Level 14.0 Polearms
 - Level 2.4 Slings
 + Level 10.0 Armour
 - Level 5.6 Dodging
 + Level 12.8 Shields
 - Level 2.1 Invocations
 + Level 6.7 Evocations


You had 12 spell levels left.
You didn't know any spells.

Dungeon Overview and Level Annotations

Branches:
Dungeon (14/15)            Temple (0/1) D:7            Lair (0/8) D:11
    Orc (0/2) D:9
 Vaults: D:13-14

Altars:
Dithmenos
Elyvilon
Fedhas
Gozag
Nemelex Xobeh
Okawaru
Pakellas
Trog

Shops:
D:5 [   D:8 %   D:10 *   D:11 =


Innate Abilities, Weirdness & Mutations

You can walk on water.
You have large cloven feet.
You are partially covered in large bone plates (AC +2, SH +2).
You can translocate small distances at will.
You possess an exceptional clarity of mind.
Your natural rate of healing is unusually fast.
You are covered in fur (AC +1).
You expend magic power (3 MP) to strengthen your wands.


Message History

You puncture the vampire!
The vampire is severely damaged.
You block the vampire's attack. x2
You hit the vampire.
The vampire is severely damaged.
You hit the vampire.
The vampire is almost destroyed.
The vampire is infused with unholy energy.
* * * LOW HITPOINT WARNING * * *
The vampire draws life force from you and is healed!
The phantom blinks!
You hit the vampire.
The vampire is severely damaged.
Drink which item? (? for menu, Esc to quit)
You feel better. You block the vampire's attack.
The vampire closely misses you.
You closely miss the vampire.
The vampire is severely damaged.
The vampire is infused with unholy energy.
You die...

###########
#.....(...##
####...))V.....
#####...pV(##).....
#.V@#.#.?(## .p...
#.###(..W## V..#
#..C'.#.$## p##
###.###...## ..
........# #....## #
###+##### #.....#
#.....+ ##....#
#...##


You could see a vampire.

Vanquished Creatures
  A vault guard (D:14)
  A centaur warrior (D:13)
  The ghost of Nanban the Grappler, a novice TrWn of Yredelemnul (D:9)
  A tengu warrior (D:13)
  3 hill giants
  Joseph (D:7)
  2 gargoyles
  The ghost of kak the Conjurer, a novice TeFE of Sif Muna (D:6)
  A two-headed ogre (D:13)
  Prince Ribbit (D:6)
  2 slime creatures (D:10)
  Sigmund (D:2)
  A human (D:7)
  Eustachio (D:6)
  3 wyverns
  3 yaks
  3 hippogriffs
  2 vampire mosquitoes (D:13)
  Edmund (D:6)
  Duvessa (D:5)
  A black bear (D:11)
  4 ice beasts
  A swamp drake (D:9)
  3 phantoms
  An orc warrior (D:8)
  3 necrophages
  A sky beast (D:12)
  4 ogres
  10 centaurs
  2 big kobolds
  10 giant frogs
  A gnoll sergeant (D:6)
  Dowan (D:5)
  3 scorpions
  4 killer bees (D:7)
  7 howler monkeys
  5 wights (D:8)
  3 jellies
  4 crimson imps
  3 giant frog zombies
  A quasit (D:9)
  2 orc priests
  A giant frog skeleton (D:4)
  4 orc wizards
  A hound (D:12)
  3 iguanas
  9 worker ants
  3 sheep (D:7)
  A killer bee zombie (D:5)
  3 hound skeletons
  A howler monkey zombie (D:7)
  A howler monkey skeleton (D:8)
  A worker ant zombie (D:6)
  13 adders
  4 gnolls (D:6)
  A river rat (D:11)
  5 shadow imps
  3 adder skeletons
  4 dart slugs (D:1)
  3 giant geckos
  26 orcs
  2 ball pythons
  5 bats
  5 giant cockroaches
  9 goblins
  4 hobgoblins
  A jackal (D:11)
  2 quokkas (D:8)
  A giant gecko skeleton (D:5)
  A giant gecko zombie (D:5)
  2 giant newts
  A jackal zombie (D:6)
  14 kobolds
  A quokka skeleton (D:8)
  A quokka zombie (D:5)
  5 rats
246 creatures vanquished.

Vanquished Creatures (collateral kills)
  Rupert (D:12)
  Maud (D:13)
  3 vault guards (D:14)
  Erolcha (D:13)
  A centaur warrior (D:13)
  A hornet (shapeshifter) (D:14)
  4 hill giants
  3 deep elf magi
  2 ugly things
  A cyclops (D:14)
  A gargoyle (D:13)
  Psyche (D:11)
  3 centaur skeletons
  A tengu conjurer (D:13)
  A troll (D:12)
  2 two-headed ogres
  4 slime creatures
  4 orc warriors
  7 redbacks (D:13)
  6 yaks (D:13)
  A wyvern (D:10)
  A vampire (D:11)
  A hungry ghost (D:13)
  A hippogriff (D:12)
  5 vampire mosquitoes (D:13)
  A soldier ant (D:12)
  A water moccasin (D:11)
  3 sky beasts
  2 ice beasts (D:10)
  An eye of draining (D:11)
  2 necrophages
  3 ogres
  3 centaurs
  2 crocodiles (D:11)
  A giant frog (D:12)
  A wyvern skeleton (D:9)
  A scorpion (D:10)
  5 killer bees (D:12)
  A howler monkey (D:10)
  A crimson imp (D:12)
  A centaur zombie (D:11)
  A hound (D:11)
  2 orc priests
  An orc wizard (D:9)
  4 iguanas
  2 worker ants (D:12)
  A giant gecko (D:10)
  6 orcs
  2 bats (D:11)
  2 jackals (D:11)
  5 kobolds (D:11)
  A rat (D:11)
113 creatures vanquished.

Vanquished Creatures (others)
  A merfolk impaler (D:14)
  2 orc knights
  An unseen horror (D:14)
  2 orc warriors
  2 orc priests (D:10)
  A hungry ghost (D:2)
  A phantom (D:5)
  2 orc wizards (D:9)
  14 orcs
  6 fungi (D:11)
  4 plants (D:11)
36 creatures vanquished.

Grand Total: 395 creatures vanquished

Notes
Turn   | Place    | Note
--------------------------------------------------------------
     0 | D:1      | sveltemanboy the Hill Orc Fighter began the quest for the Orb.
     0 | D:1      | Reached XP level 1. HP: 19/19 MP: 1/1
   155 | D:1      | Reached XP level 2. HP: 22/26 MP: 2/2
   166 | D:1      | Reached skill level 3 in Polearms
   397 | D:1      | Reached XP level 3. HP: 25/31 MP: 3/3
   788 | D:2      | Noticed Sigmund
   822 | D:2      | Killed Sigmund
   822 | D:2      | Reached skill level 4 in Polearms
   822 | D:2      | Reached skill level 1 in Slings
   822 | D:2      | Reached XP level 4. HP: 22/39 MP: 4/4
   822 | D:2      | Reached XP level 5. HP: 25/45 MP: 5/5
  1422 | D:2      | Found an oddly glowing altar of Pakellas.
  1422 | D:2      | Noticed a hungry ghost
  1466 | D:2      | Killed a hungry ghost
  1776 | D:3      | Reached skill level 5 in Polearms
  1776 | D:3      | Reached XP level 6. HP: 51/51 MP: 6/6
  2318 | D:4      | Found an iron altar of Okawaru.
  2516 | D:4      | Became a worshipper of Beogh the Brigand
  2663 | D:4      | Reached skill level 5 in Shields
  2663 | D:4      | Reached skill level 1 in Invocations
  3278 | D:5      | Entered Level 5 of the Dungeon
  3299 | D:5      | Noticed Duvessa
  3301 | D:5      | Noticed Dowan
  3370 | D:4      | Reached XP level 7. HP: 26/57 MP: 8/8
  3559 | D:5      | Found a sparkling altar of Nemelex Xobeh.
  3630 | D:5      | Reached skill level 6 in Polearms
  3853 | D:5      | Reached XP level 8. HP: 24/64 MP: 9/9
  3903 | D:5      | Reached skill level 7 in Polearms
  3982 | D:5      | Found a glowing drain.
  4124 | D:5      | Reached * piety under Beogh
  4127 | D:5      | Found Bupni's Armour Shoppe.
  4153 | D:5      | Bought a +0 pair of boots for 63 gold pieces
  4153 | D:5      | Bought a +0 ring mail of fire resistance for 154 gold pieces
  4195 | D:5      | Reached skill level 5 in Armour
  4223 | D:5      | Killed Duvessa
  4449 | D:5      | Reached skill level 8 in Polearms
  4547 | D:5      | Killed Dowan
  4891 | D:6      | Reached XP level 9. HP: 70/70 MP: 10/10
  4976 | D:6      | Noticed kak's ghost (novice TeFE)
  5017 | D:6      | Noticed Eustachio
  5055 | D:6      | Killed Eustachio
  5055 | D:6      | Reached skill level 9 in Polearms
  5110 | D:6      | Noticed Prince Ribbit
  5282 | D:6      | Killed kak's ghost
  5351 | D:6      | Noticed Edmund
  5380 | D:6      | Killed Edmund
  5656 | D:6      | Gained mutation: You possess an exceptional clarity of mind. [potion of beneficial mutation]
  5677 | D:6      | Killed Prince Ribbit
  5677 | D:6      | Reached ** piety under Beogh
  5677 | D:6      | Reached skill level 10 in Polearms
  5793 | D:6      | Gained mutation: You passively map a small area around you. [potion of beneficial mutation]
  6045 | D:6      | Found a shadowy altar of Dithmenos.
  6117 | D:7      | Noticed Joseph
  6153 | D:7      | Killed Joseph
  6153 | D:7      | Reached skill level 1 in Dodging
  6312 | D:7      | Reached XP level 10. HP: 52/77 MP: 11/11
  6399 | D:7      | Reached skill level 11 in Polearms
  6557 | D:7      | Found a white marble altar of Elyvilon.
  6703 | D:7      | Found a staircase to the Ecumenical Temple.
  6884 | D:7      | Found a blossoming altar of Fedhas.
  6884 | D:7      | Found a bloodstained altar of Trog.
  6924 | D:7      | Found an opulent altar of Gozag.
  7542 | D:8      | Reached *** piety under Beogh
  7915 | D:8      | Found Buphoseg's Food Shoppe.
  8451 | D:9      | Reached skill level 12 in Polearms
  8459 | D:9      | Noticed Nanban's ghost (novice TrWn)
  8472 | D:9      | Lost mutation: You possess an exceptional clarity of mind. [potion of cure mutation]
  8472 | D:9      | Lost mutation: You passively map a small area around you. [potion of cure mutation]
  8473 | D:9      | Gained mutation: You have sharp fingernails. [potion of mutation]
  8473 | D:9      | Gained mutation: You can translocate small distances at will. [potion of mutation]
  8473 | D:9      | Gained mutation: You possess an exceptional clarity of mind. [potion of mutation]
  8517 | D:9      | Killed Nanban's ghost
  8706 | D:9      | Noticed a gargoyle
  8724 | D:9      | Killed a gargoyle
  8724 | D:9      | Reached XP level 11. HP: 74/82 MP: 12/12
  8837 | D:9      | Gained mutation: Your body sometimes deteriorates upon taking damage. [potion of mutation]
  8837 | D:9      | Gained mutation: You expend magic power (3 MP) to strengthen your wands. [potion of mutation]
  8837 | D:9      | Gained mutation: You have large cloven feet. [potion of mutation]
  8937 | D:9      | Gained mutation: You are partially covered in large bone plates (AC +2, SH +2). [mutagenic meat]
  9292 | D:9      | Reached **** piety under Beogh
  9342 | D:9      | Found a staircase to the Orcish Mines.
  9618 | D:10     | Entered Level 10 of the Dungeon
  9663 | D:10     | Reached skill level 10 in Shields
  9745 | D:10     | Reached skill level 13 in Polearms
  9954 | D:10     | Found Lelon's Assorted Antiques.
  9965 | D:10     | Noticed a hill giant
  9972 | D:10     | Killed a hill giant
 10467 | D:11     | Found Quutu's Jewellery Shoppe.
 10475 | D:11     | Bought a cursed amulet of inaccuracy for 30 gold pieces
 10475 | D:11     | Bought a cursed ring of teleportation for 67 gold pieces
 10542 | D:11     | Noticed Psyche
 10545 | D:11     | Drew Focus: Str increased to 24, Int decreased to 7
 10548 | D:11     | Killed Psyche
 10548 | D:11     | Reached ***** piety under Beogh
 10548 | D:11     | Reached skill level 5 in Dodging
 10620 | D:11     | Noticed a red ugly thing
 10630 | D:11     | Killed a red ugly thing
 10636 | D:11     | Gained mutation: You are covered in fur (AC +1). [mutagenic meat]
 10653 | D:11     | Found a staircase to the Lair.
 10798 | D:11     | Gained Marbork as an ally
 11354 | D:12     | Noticed Rupert
 11356 | D:12     | Hired Uxan the merfolk for 283 gold.
 11369 | D:12     | Killed Rupert
 11372 | D:12     | Reached skill level 14 in Polearms
 11382 | D:12     | Lost mutation: You have sharp fingernails. [mutagenic meat]
 11383 | D:12     | Gained mutation: Your natural rate of healing is unusually fast. [mutagenic meat]
 11639 | D:12     | Reached skill level 1 in Evocations
 11646 | D:12     | Reached XP level 12. HP: 82/89 MP: 13/13
 11665 | D:12     | Lost mutation: Your body sometimes deteriorates upon taking damage. [mutagenic meat]
 12069 | D:13     | Noticed a centaur warrior
 12081 | D:13     | Killed a centaur warrior
 12145 | D:13     | Noticed Maud
 12155 | D:13     | Killed Maud
 12218 | D:13     | Noticed a centaur warrior
 12236 | D:13     | Killed a centaur warrior
 12292 | D:13     | Noticed a tengu warrior
 12307 | D:13     | Killed a tengu warrior
 12371 | D:13     | Noticed Erolcha
 12376 | D:13     | Killed Erolcha
 12448 | D:13     | Gained Borgun as an ally
 12452 | D:13     | Reached skill level 5 in Evocations
 12494 | D:13     | Your ally Marbork died
 12930 | D:14     | Got a crystal spear
 12931 | D:14     | Identified the cursed +1 spear "Toiwoeg" {pierce, rC+ Stlth+} (You found it on level 14 of the Dungeon)
 12950 | D:14     | Reached ****** piety under Beogh
 12961 | D:14     | Noticed a vault guard
 12962 | D:14     | Noticed a vault guard
 12963 | D:14     | Noticed a vault guard
 12966 | D:14     | Noticed a vault guard
 12968 | D:14     | Your ally Borgun died
 12976 | D:14     | Killed a vault guard
 12976 | D:14     | Reached XP level 13. HP: 94/94 MP: 17/17
 12989 | D:14     | Killed a vault guard
 12998 | D:14     | Killed a vault guard
 12999 | D:14     | Your ally Uxan died
 13060 | D:14     | Killed a vault guard
 13083 | D:14     | Reached skill level 10 in Armour
 13155 | D:14     | Killed from afar by a vampire

Skill      XL: |  1  2  3  4  5  6  7  8  9 10 11 12 13 |
---------------+----------------------------------------+-----
Polearms       | 3 4 5 6 8 10 12 14 | 14.0
Slings         | 1 2 |  2.4
Shields        | 4 5 6 8 9 11 12 | 12.8
Invocations    | 2 |  2.1
Armour         | 4 5 6 9 10 | 10.0
Dodging        | 1 3 5 |  5.6
Evocations     | 1 6 |  6.7
Fighting       | |  3.6

Action                   |  1- 3 |  4- 6 |  7- 9 | 10-12 | 13-15 || total
-------------------------+-------+-------+-------+-------+-------++-------
Melee: Trident           |    88 |   114 |   407 |   811 |   113 ||  1533
       Spear             |       |       |       |    18 |    35 ||    53
 Fire: Hunting sling     |    11 |    61 |   204 |   105 |       ||   381
Invok: Convert to Beogh  |       |     1 |       |       |       ||     1
       Give Item to Name |       |       |       |     2 |       ||     2
       Recall Orcish Fol |       |       |       |       |     1 ||     1
Evoke: Wand              |       |       |       |     8 |       ||     8
       Deck              |       |       |       |     3 |     1 ||     4
  Use: Potion            |     3 |     2 |     6 |     5 |     4 ||    20
       Scroll            |       |     5 |     9 |     8 |     1 ||    23
 Stab: Distracted        |       |       |       |     9 |       ||     9
  Eat: Chunk             |     4 |     2 |     8 |    35 |       ||    49
       Bread ration      |       |     1 |       |       |       ||     1
       Beef jerky        |       |       |       |     1 |       ||     1
       Royal jelly       |       |       |       |     1 |       ||     1
Armor: Scale mail        |    27 |    49 |    35 |       |       ||   111
       Ring mail         |       |       |   107 |   144 |       ||   251
       Plate armour      |       |       |       |     6 |    50 ||    56
Dodge: Dodged            |    21 |    24 |   108 |   179 |    10 ||   342
Block: Shield            |    32 |    65 |   198 |   392 |    41 ||   728
